AoeStats
← grandma.

Black Forest

503912092Analyzed
3v3 RM · 28d ago on Sep 3, 2026· 31m 5s· 6 players
Game mode
Random Map
Map size
Normal (6 player)
Population
200
Speed
Normal
Resources
Standard
Victory
Conquest
Starting age
Dark Age
Ending age
Imperial Age
RankedLock teamsTeams togetherTeam positionsShared explorationLock speedFull tech treeHidden civsTurbo modeCheats
Victory
Defeat
🇧🇷 Ethiopians · Brazil
1008
+11
🇧🇷 Persians · Brazil
895
+16
🇧🇷 Spanish · Brazil
883
+16
🇦🇺 Georgians · Australia
949
-17
🇨🇱 Koreans · Chile
910
-27
🇦🇺 Persians · Australia
811
-11
grandma.
5:12 Loom
12:07 Feudal Age
12:41 Horse Collar
12:51 Double-Bit Axe
12:31 Man-at-Arms
14:08 Gold Mining
14:09 Stone Mining
15:56 Wheelbarrow
27:56 Castle Age
26:34 Bloodlines
27:54 Forging
27:44 Scale Mail Armor
27:50 Scale Barding Armor
27:45 Padded Archer Armor
27:36 Fletching
27:53 Long Swordsman
27:55 Pikeman
28:35 Squires
28:21 Gambesons
28:44 Thumb Ring
27:59 Crossbowman
27:59 Elite Skirmisher
28:55 Heavy Plow
29:23 Bow Saw
30:33 Iron Casting
GayBastard
2:27 Loom
15:12 Feudal Age
15:16 Man-at-Arms
16:10 Double-Bit Axe
17:29 Wheelbarrow
21:03 Arson
26:40 Castle Age
24:58 Forging
25:59 Scale Mail Armor
25:56 Horse Collar
29:07 Gold Mining
29:31 Bow Saw
Gusso
1:34 Loom
14:31 Feudal Age
15:18 Double-Bit Axe
16:53 Fletching
17:09 Gold Mining
17:03 Horse Collar
24:53 Castle Age
23:31 Man-at-Arms
25:01 Stone Mining
25:53 Bodkin Arrow
26:26 Bow Saw
Italien
1:46 Loom
14:30 Feudal Age
18:43 Castle Age
17:45 Double-Bit Axe
22:28 Wheelbarrow
22:13 Bow Saw
21:47 Horse Collar
22:06 Fishing Lines
27:10 Hand Cart
29:35 Heavy Plow
33:04 Imperial Age
Galkar
0:38 Loom
13:59 Feudal Age
22:17 Horse Collar
22:24 Double-Bit Axe
26:22 Castle Age
27:06 Stone Mining
29:59 Fletching
Joelho de Ganso
0:27 Loom
13:27 Feudal Age
17:02 Wheelbarrow
23:23 Castle Age
21:16 Double-Bit Axe
24:37 Hand Cart
30:28 Caravan
Connection lost

Rejoining the realm…

Still unreachable

The connection could not be restored.

Session expired

The server has moved on; the page needs a fresh start.